Map: Data-C

Players

RiSkyZ (RiSky) - Winner!

  • Race: Zerg Zerg
  • Spawn Location: 9:00

PtitDrogo

  • Race: Protoss Protoss
  • Spawn Location: 3:00

Event: HomeStory Cup XXII

VOD

Have the link to the VOD?

Description

Time

  • Played on: Dec. 15, 2022, 9:09 a.m.
  • Length: 11:43

All games in this series

Show
View Real Time Build Order
Export as new Build Order

RiSkyZ Zerg - Winner!

Build Orders: Hatch First 

Get SALT Encoding   

  12  0:00  Drone  
  13  0:11  Overlord  
  13  0:16  Drone  
  14  0:30  Drone x2  
  16  0:41  Drone  
  17  0:51  Hatchery  
  17  0:55  Drone  
  17  0:58  Drone  
  18  1:10  Extractor  
  17  1:13  Spawning Pool  
  17  1:17  Drone  
  17  1:19  Drone  
  18  1:27  Drone  
  19  1:38  Drone  
  20  1:48  Overlord  
  20  2:00  Zergling x2  
  21  2:02  Queen  
  21  2:04  Zergling x2, Queen  
  26  2:10  Metabolic Boost  
  26  2:12  Zergling x2  
  26  2:14  Zergling x2  
  28  2:21  Zergling x2  
  29  2:26  Zergling x2  
  30  2:32  Zergling x2  
  31  2:37  Zergling x2  
  31  2:43  Zergling x2  
  33  2:46  Zergling x2  
  34  2:55  Zergling x2  
  34  2:57  Zergling x2  
  36  3:15  Overlord  
  36  3:22  Zergling x2  
  36  3:23  Zergling x2  
  34  3:27  Zergling x2  
  34  3:29  Zergling x2  
  34  3:30  Zergling x8  
  31  3:43  Zergling x4  
  32  3:52  Zergling x4  
  33  3:57  Drone x2  
  33  3:58  Drone x3  
  38  4:04  Drone  
  38  4:09  Drone  
  40  4:10  Drone  
  40  4:15  Drone  
  42  4:17  Drone  
  42  4:26  Spore Crawler  
  42  4:30  Drone  
  42  4:31  Drone  
  42  4:32  Drone  
  42  4:37  Drone  
  44  4:43  Spore Crawler, Drone  
  41  4:58  Hatchery  
  40  5:02  Drone  
  40  5:03  Drone  
  40  5:07  Drone  
  40  5:10  Overlord  
  40  5:13  Drone  
  40  5:14  Drone  
  42  5:16  Drone  
  42  5:19  Drone  
  44  5:27  Queen  
  44  5:28  Overlord  
  44  5:35  Queen  
  46  5:43  Drone x4  
  46  5:49  Drone  
  46  5:54  Drone x3  
  46  5:56  Drone  
  48  6:04  Drone  
  48  6:05  Queen  
  48  6:08  Drone  
  51  6:13  Drone  
  51  6:16  Drone  
  51  6:17  Drone  
  54  6:19  Spore Crawler  
  54  6:22  Drone  
  54  6:24  Spore Crawler, Drone  
  54  6:26  Spore Crawler  
  54  6:27  Drone  
  54  6:30  Drone  
  55  6:37  Drone  
  55  6:38  Drone x4  
  60  6:47  Drone  
  60  6:48  Drone  
  60  6:49  Overlord  
  60  6:53  Drone x4  
  66  6:54  Overlord  
  66  6:57  Overlord  
  66  6:59  Overlord  
  66  7:09  Drone x3  
  66  7:10  Queen  
  66  7:12  Drone x4  
  75  7:18  Drone, Roach Warren  
  75  7:22  Drone x4  
  79  7:25  Extractor  
  79  7:26  Extractor  
  79  7:28  Drone  
  78  7:31  Spore Crawler, Drone  
  78  7:32  Drone  
  79  7:38  Drone x2  
  81  7:49  Drone x9  
  88  7:51  Lair  
  88  7:58  Drone x2  
  89  8:00  Evolution Chamber  
  89  8:01  Drone, Extractor  
  89  8:02  Extractor  
  89  8:04  Drone x2, Extractor  
  88  8:06  Queen  
  88  8:08  Queen  
  88  8:10  Hatchery  
  91  8:14  Overlord  
  91  8:22  Overlord  
  90  8:28  Drone x2  
  90  8:30  Zerg Missile Weapons Level 1  
  92  8:37  Overlord x2  
  92  8:43  Queen, Overlord x2  
  92  8:44  Queen  
  96  8:58  Overlord  
  92  9:07  Drone x13  
  92  9:08  Drone x5  
  92  9:09  Queen  
  110  9:11  Hydralisk Den  
  110  9:14  Glial Reconstitution  
  111  9:20  Spore Crawler  
  111  9:22  Spore Crawler  
  113  9:27  Spore Crawler, Overlord x2  
  113  9:28  Overlord x3  
  108  9:45  Grooved Spines, Hydralisk x11  
  130  9:52  Hydralisk  
  130  9:53  Hydralisk x3  
  130  9:56  Hydralisk  
  130  9:57  Hydralisk x4, Extractor  
  147  10:00  Hydralisk  
  147  10:03  Overseer  
  147  10:04  Hydralisk  
  151  10:09  Hydralisk x2  
  151  10:12  Hydralisk x2  
  151  10:13  Hydralisk  
  161  10:17  Hydralisk  
  161  10:18  Overlord  
  161  10:20  Hatchery  
  161  10:21  Overlord x2  
  162  10:24  Overlord  
  162  10:27  Overlord  
  162  10:32  Overlord x2  
  162  10:33  Overlord  
  162  10:37  Hydralisk x5  
  162  10:40  Hydralisk x2  
  162  10:42  Pneumatized Carapace  
  176  10:48  Hydralisk x2  
  180  10:54  Hydralisk x2  
  184  11:01  Hydralisk x3  
  190  11:06  Hydralisk  
  190  11:07  Hydralisk  
  194  11:15  Hydralisk x3  
  194  11:31  Baneling Nest  
Show
View Real Time Build Order
Export as new Build Order

PtitDrogo Protoss 

Build Orders: 1 Gate Expand, Oracle Opening 

Get SALT Encoding   

  12  0:00  Probe  
  13  0:12  Probe  
  14  0:19  Pylon  
  14  0:24  Probe  
  15  0:37  Probe (Chrono Boost)  
  15  0:39  Gateway  
  16  0:47  Probe (Chrono Boost)  
  16  0:49  Assimilator  
  17  0:52  Probe (Chrono Boost)  
  18  1:04  Probe  
  19  1:16  Probe  
  20  1:27  Nexus  
  20  1:37  Cybernetics Core  
  20  1:40  Probe  
  21  1:47  Assimilator  
  21  1:52  Probe  
  22  1:56  Pylon  
  22  2:04  Probe (Chrono Boost)  
  23  2:14  Adept  
  25  2:16  Probe (Chrono Boost)  
  25  2:19  Stargate  
  26  2:25  Probe (Chrono Boost)  
  27  2:34  Probe (Chrono Boost)  
  28  2:39  Probe (Chrono Boost)  
  29  2:49  Probe x2 (Chrono Boost)  
  31  2:54  Probe (Chrono Boost)  
  31  2:56  Probe  
  33  2:59  Oracle (Chrono Boost)  
  36  3:06  Probe, Pylon  
  36  3:08  Probe  
  36  3:10  Adept  
  40  3:17  Shield Battery  
  22  3:39  Probe  
  23  3:57  Probe  
  24  4:03  Oracle (Chrono Boost)  
  28  4:10  Probe  
  28  4:17  Pylon  
  27  4:25  Probe  
  28  4:39  Probe  
  29  4:49  Oracle (Chrono Boost)  
  29  4:51  Probe  
  33  4:57  Cybernetics Core  
  33  5:04  Probe  
  34  5:16  Probe  
  35  5:21  Oracle  
  35  5:26  Pylon  
  38  5:36  Probe  
  39  5:48  Probe  
  40  6:00  Probe  
  41  6:09  Oracle (Chrono Boost)  
  40  6:12  Probe  
  40  6:15  Nexus  
  44  6:21  Pylon  
  44  6:30  Probe  
  45  6:39  Oracle, Pylon  
  48  6:43  Probe  
  49  6:55  Probe  
  49  7:01  Gateway  
  50  7:05  Gateway  
  50  7:11  Pylon  
  50  7:16  Probe  
  50  7:20  Oracle (Chrono Boost)  
  54  7:30  Probe  
  54  7:32  Shield Battery  
  54  7:34  Probe  
  53  7:46  Probe (Chrono Boost)  
  53  7:51  Probe (Chrono Boost)  
  52  7:58  Probe (Chrono Boost)  
  53  7:59  Warp Gate  
  53  8:03  Probe (Chrono Boost)  
  55  8:05  Probe (Chrono Boost)  
  55  8:07  Probe (Chrono Boost)  
  56  8:14  Nexus  
  56  8:15  Pylon  
  56  8:19  Probe  
  57  8:28  Probe (Chrono Boost)  
  57  8:31  Probe (Chrono Boost)  
  59  8:34  Adept x2  
  59  8:38  Oracle  
  59  8:41  Probe (Chrono Boost)  
  68  8:43  Probe (Chrono Boost)  
  68  8:45  Assimilator x2  
  68  8:47  Probe (Chrono Boost)  
  68  8:48  Probe (Chrono Boost)  
  69  8:55  Probe  
  70  8:57  Probe  
  72  9:07  Probe  
  72  9:09  Probe  
  74  9:19  Probe  
  74  9:21  Probe  
  74  9:23  Twilight Council, Forge  
  76  9:29  Gateway  
  76  9:30  Gateway  
  76  9:31  Gateway x2, Probe (Chrono Boost)  
  76  9:34  Gateway  
  76  9:38  Gateway  
  77  9:40  Probe (Chrono Boost)  
  77  9:41  Probe (Chrono Boost)  
  77  9:44  Probe (Chrono Boost)  
  80  9:46  Shield Battery  
  80  9:51  Probe (Chrono Boost)  
  80  9:52  Probe (Chrono Boost)  
  82  9:54  Probe (Chrono Boost)  
  82  9:55  Probe (Chrono Boost)  
  84  10:02  Charge  
  84  10:04  Templar Archives  
  84  10:07  Probe x3  
  86  10:12  Assimilator  
  87  10:14  Assimilator  
  87  10:15  Pylon  
  87  10:18  Stalker  
  87  10:19  Probe  
  90  10:26  Probe x2  
  92  10:33  Gateway  
  92  10:37  Gateway  
  92  10:39  Pylon  
  92  10:42  High Templar x4  
  92  10:43  High Templar x2  
  92  10:49  Zealot x2  
  108  10:51  Pylon  
  108  10:56  Pylon  
  108  11:06  Archon  
  108  11:10  High Templar x2  
  112  11:14  Archon  
  112  11:15  Zealot x4  
  112  11:16  Zealot x2  
  120  11:35  Zealot x4  
  120  11:36  Zealot  
Tags
 
Add a new tag
Caveats
  • Supply blocks, unpowered buildings, or Contaminate may cause inaccurate times.
  • Supply counts are checked every 10 seconds.